Map: Ulrena

Players

zidar - Winner!

  • Race: Zerg Zerg
  • League: Silver
  • Spawn Location: 11:00

DtM

  • Race: Terran Terran
  • League: Silver
  • Spawn Location: 7:00

VOD

Have the link to the VOD?

Description

Time

  • Played on: Jan. 12, 2016, 1:24 p.m.
  • Length: 10:24
Show
View Real Time Build Order
Export as new Build Order

zidar Zerg - Winner!

Build Orders: Pool First, Ravager All-In 

Get SALT Encoding   

  12  0:01  Drone  
  13  0:12  Overlord  
  13  0:20  Drone  
  14  0:38  Drone x3  
  17  0:48  Spawning Pool  
  17  0:49  Drone  
  17  1:14  Hatchery  
  17  1:17  Drone  
  17  1:26  Extractor  
  16  1:34  Queen  
  16  1:36  Overlord  
  16  1:38  Drone  
  19  1:41  Drone  
  20  1:55  Zergling x2  
  21  2:05  Drone  
  22  2:10  Roach Warren  
  22  2:12  Extractor  
  20  2:17  Queen  
  20  2:21  Zergling x4  
  24  2:29  Metabolic Boost  
  24  3:06  Roach  
  24  3:07  Roach x3  
  24  3:10  Roach  
  34  3:22  Drone x2  
  36  3:30  Overlord  
  36  3:52  Ravager  
  36  3:53  Ravager x3  
  40  4:03  Ravager  
  32  4:33  Drone x4  
  32  4:34  Queen, Drone x3  
  32  4:38  Roach  
  43  4:43  Overlord  
  43  5:06  Roach x4  
  51  5:46  Overlord  
  51  5:47  Overlord x2  
  51  6:02  Drone  
  52  6:06  Drone  
  52  6:07  Drone x7  
  60  6:17  Ravager x3  
  64  6:18  Ravager  
  61  7:00  Roach  
  61  7:01  Roach x5  
  56  7:34  Roach x4  
  56  7:35  Roach  
  60  7:52  Hatchery  
  59  8:06  Hatchery  
  59  8:08  Overlord x3  
  59  8:09  Overlord x2  
  59  8:11  Lair  
  58  8:23  Extractor x2, Ravager x3  
  58  8:24  Ravager x2  
  61  8:27  Queen  
  59  8:42  Roach x2  
  59  8:43  Roach x11  
  82  9:20  Roach  
  82  9:21  Roach x7  
  98  9:30  Ravager  
Show
View Real Time Build Order
Export as new Build Order

DtM Terran 

Build Orders: 1/1/1 

Get SALT Encoding   

  12  0:04  SCV  
  13  0:16  SCV  
  13  0:20  Supply Depot  
  14  0:28  SCV  
  15  0:30  Refinery  
  15  0:41  SCV  
  16  0:45  Barracks  
  16  0:53  SCV  
  17  1:03  Refinery  
  17  1:05  SCV  
  18  1:18  SCV  
  19  1:30  SCV  
  20  1:34  Supply Depot  
  20  1:39  Factory  
  20  1:44  Orbital Command  
  20  1:48  Marine  
  21  2:06  Marine  
  22  2:17  SCV  
  23  2:24  Marine  
  23  2:26  Hellion, Starport  
  26  2:32  Armory  
  26  2:38  SCV  
  26  2:41  Marine  
  28  2:47  Supply Depot  
  28  2:52  Hellion  
  30  2:59  Marine  
  31  3:09  Factory, Medivac  
  33  3:12  Supply Depot  
  33  3:19  Hellion  
  35  3:26  Marine  
  36  3:39  Medivac  
  36  3:40  Hellion  
  40  3:55  Marine  
  40  4:01  Supply Depot  
  40  4:02  Hellion  
  43  4:09  Medivac  
  45  4:13  Marine  
  38  4:32  Marine  
  39  4:39  Starport Reactor  
  39  4:41  Factory Tech Lab  
  39  4:50  Marine  
  40  4:57  Terran Vehicle And Ship Armor Level 1  
  40  5:00  Thor  
  46  5:08  Marine  
  46  5:09  Factory Reactor  
  47  5:20  Liberator  
  46  5:26  Marine  
  47  5:44  Marine  
  47  5:48  Command Center  
  48  6:01  Marine  
  49  6:08  Hellion x2  
  53  6:19  Marine  
  54  6:37  Marine  
  50  6:59  Marine  
  50  7:00  Viking x2  
  55  7:02  Orbital Command  
  55  7:17  Marine  
  46  7:35  Marine  
  47  7:38  Hellbat x2  
  47  7:41  Orbital Command  
  51  7:53  Marine  
  52  8:04  Thor  
  58  8:10  Marine  
  59  8:14  SCV  
  60  8:26  SCV  
  61  8:28  Marine  
  60  8:38  SCV  
  58  8:46  Marine  
  59  8:50  SCV  
  60  9:02  SCV  
  60  9:04  Marine  
  55  9:22  Marine, Hellbat x2  
  60  9:33  Supply Depot  
  60  9:37  Thor  
  59  9:39  Marine  
  39  9:56  Supply Depot  
  39  9:57  Marine  
Tags
 
Matchup
TvZ
Spawn Locations
Close Positions
Add a new tag
Caveats
  • Supply blocks, unpowered buildings, or Contaminate may cause inaccurate times.
  • Supply counts are checked every 10 seconds.